 Dungeon Crawl Stone Soup version 0.14-a0-305-g056651f (webtiles) character file.

239 PolkaDot the Vexing (level 4, -7/30 HPs)
             Began as a Vampire Enchanter on Oct 19, 2013.
             Mangled by Grinder (8 damage)
             ... on Level 3 of the Dungeon.
             The game lasted 00:13:05 (2528 turns).

PolkaDot the Vexing (Vampire Enchanter)             Turns: 2528, Time: 00:13:05

HP  -7/30        AC  3     Str  7      XL: 4   Next: 19%
MP   3/8         EV 12     Int 18      God:
Gold 158         SH  0     Dex 14      Spells:  2 memorised,  1 level left

Res.Fire  : + . .   See Invis. : +   a - +1 dagger
Res.Cold  : + + .   Warding    : .   b - +1 robe
Life Prot.: + + .   Conserve   : .   (no shield)
Res.Poison: +       Res.Corr.  : .   (no helmet)
Res.Elec. : +       Clarity    : .   (no cloak)
Sust.Abil.: . .     Spirit.Shd : .   (no gloves)
Res.Mut.  : .       Stasis     : .   (no boots)
Res.Rott. : +       Flight     : .   (no amulet)
Saprovore : . . .                    (no ring)
                                     (no ring)

@: regenerating slowly, very slightly contaminated, slightly resistant to
hostile enchantments, quite stealthy
A: fangs 3, see invisible, unbreathing
a: Bat Form


You were on level 3 of the Dungeon.
You were very thirsty.

You visited 1 branch of the dungeon, and saw 3 of its levels.

You collected 138 gold pieces.

Inventory:

Hand weapons
 a - a +1,+1 dagger (weapon)
Missiles
 d - 10 darts (quivered)
Armour
 b - a +1 robe (worn)
Scrolls
 h - a scroll of recharging {unknown}
 i - 2 scrolls of enchant weapon I {unknown}
 j - 2 scrolls of identify {unknown}
 l - a scroll of enchant armour {unknown}
 o - a scroll of curse jewellery {unknown}
 q - a scroll of teleportation {unknown}
 r - 2 scrolls of remove curse {unknown}
Jewellery
 k - a cursed ring of teleportation {unknown}
Potions
 f - a potion of curing
Books
 c - a book of Maledictions

   Spells                             Type                      Level
   *Corona                            Hexes                        1
   Sure Blade                         Hexes/Charms                 2
   Ensorcelled Hibernation            Hexes/Ice                    2
   *Confuse                           Hexes                        3
   Enslavement                        Hexes                        4
   Invisibility                       Hexes                        6
 p - a book of the Dragon

   Spells                             Type                      Level
   Flight                             Charms/Air                   3
   Cause Fear                         Hexes                        4
   Bolt of Fire                       Conjuration/Fire             6
   Dragon Form                        Transmutation                7
   Summon Dragon                      Summoning                    9


   Skills:
 - Level 2.5 Short Blades
 - Level 0.7 Throwing
 - Level 2.1 Dodging
 + Level 5.1 Stealth
 * Level 1.2 Spellcasting
 * Level 5.1 Hexes


You had one spell level left.
You knew the following spells:

 Your Spells              Type           Power        Failure   Level  Hunger
a - Corona                Hex            ###....      2%          1    ##.....
c - Confuse               Hex            ###.....     10%         3    ####...


Dungeon Overview and Level Annotations

Branches:
Dungeon (3/27)

Altars:

Annotations:
D:3 Grinder


Innate Abilities, Weirdness & Mutations

You heal slowly.
You have razor-sharp teeth.*
You have supernaturally acute eyesight.
You can survive without breathing.*


Message History

You hit Grinder but do no damage.
Grinder is moderately wounded.
Grinder seems less confused.
Grinder gestures at you.
You suddenly lose the ability to move!
Grinder gestures at you. Pain shoots through your body!
Grinder gestures at you. Pain shoots through your body!
* * * LOW HITPOINT WARNING * * *
You can move again.
Casting: Confuse
Confirm with . or Enter, or press ? or * to list all spells.
Aiming: Confuse
Press: ? - help, Shift-Dir - straight line, f/p - Grinder
Aim: Grinder (moderately wounded)
You miscast Confuse.
You are very lightly contaminated with residual magic.
Your skin glows momentarily.
Grinder hits you!
You die...

. #......#
#.........
##...>......
#.##.......
.. #.#####
### #.# #.#
#5# #@# #.#
#)# #.# #.#
#.# #.# #.#
#.#


You could see Grinder.

Vanquished Creatures
  2 adders (D:2)
  A worm (D:3)
  An inept feature mimic (D:2)
  A giant gecko (D:1)
  An ooze (D:1)
  4 giant cockroaches
  9 hobgoblins
  3 jackals (D:2)
  3 kobolds (D:1)
  A quokka (D:2)
  6 bats
  3 giant newts
  6 goblins
  7 rats
48 creatures vanquished.

Notes
Turn   | Place    | Note
--------------------------------------------------------------
     0 | D:1      | PolkaDot, the Vampire Enchanter, began the quest for the Orb.
     0 | D:1      | Reached XP level 1. HP: 13/13 MP: 4/4
   269 | D:1      | Reached XP level 2. HP: 19/19 MP: 3/5
  1262 | D:2      | Reached XP level 3. HP: 10/24 MP: 3/6
  1698 | D:2      | Learned a level 3 spell: Confuse
  1774 | D:2      | Reached skill level 5 in Hexes
  2055 | D:2      | Reached skill level 5 in Stealth
  2133 | D:3      | Noticed Grinder
  2138 | D:3      | Reached XP level 4. HP: 20/30 MP: 8/8
  2150 | D:3      | Paralysed by Grinder for 3 turns
  2162 | D:3      | Paralysed by Grinder for 3 turns
  2525 | D:3      | Paralysed by Grinder for 3 turns
  2527 | D:3      | HP: 1/30 [Grinder/nerve-wracking pain (9)]
  2528 | D:3      | Mangled by Grinder

Action                   |  1- 3 |  4- 6 || total
-------------------------+-------+-------++-------
Melee: Dagger            |   164 |    33 ||   197
Throw: Dart              |     8 |       ||     8
 Cast: Corona            |    28 |       ||    28
       Confuse           |       |     5 ||     5
  Use: Potion            |       |     9 ||     9
 Stab: Sleeping          |     8 |     1 ||     9
       Confused          |       |     2 ||     2
       Distracted        |       |     1 ||     1
